 Dungeon Crawl Stone Soup version 0.27-a0-1324-ge0d8e047f6 (webtiles) character file.

Game seed: 3255014594710902637

346 trckry the Firebug (level 6, -13/32 HPs)
             Began as a Deep Elf Fire Elementalist on June 23, 2021.
             Was a Follower of Vehumet.
             Killed from afar by a kobold (18 damage)
             ... with a bolt of acid
             ... on level 4 of the Dungeon on June 24, 2021.
             The game lasted 00:13:02 (3676 turns).

trckry the Firebug (Deep Elf Fire Elementalist)     Turns: 3676, Time: 00:13:03

Health: -13/32     AC:  1    Str:  7    XL:     6   Next: 32%
Magic:  6/12       EV: 12    Int: 29    God:    Vehumet [*.....]
Gold:   101        SH:  0    Dex: 15    Spells: 10/11 levels left

rFire    . . .     SeeInvis .   o - +0 quarterstaff
rCold    . . .     Faith    .   (shield currently unavailable)
rNeg     . . .     Spirit   .   a - +0 robe
rPois    +         Reflect  .   i - +2 helmet {Int+3}
rElec    .         Harm     .   (no cloak)
rCorr    .         Rampage  .   (no gloves)
Will     .....                  (no boots)
Stlth    ++........             (no amulet)
HPRegen  0.10/turn              c - ring of poison resistance
MPRegen  0.13/turn              k - +6 ring of intelligence

@: corroded
A: no striking features
a: Renounce Religion


You were on level 4 of the Dungeon.
You worshipped Vehumet.
Vehumet was aware of your devotion.
You visited 1 branch of the dungeon, and saw 4 of its levels.

You collected 101 gold pieces.

Inventory:

Hand Weapons
 o - a +0 quarterstaff (weapon)
Armour
 a - a +0 robe (worn)
 i - a +2 helmet of intelligence (worn)
 p - a +0 kite shield
Jewellery
 c - a ring of poison resistance (left hand)
 e - a ring of protection from cold
 k - a +6 ring of intelligence (right hand)
 q - a ring of see invisible
Scrolls
 b - 6 scrolls of identify {unknown}
 f - 2 scrolls of noise {unknown}
 r - a scroll of holy word {unknown}
 t - a scroll of teleportation {unknown}
Potions
 d - a potion of flight {unknown}
 g - a potion of heal wounds {unknown}
 h - a potion of might {unknown}
 j - 2 potions of brilliance {unknown}
 l - a potion of curing {unknown}
 m - a potion of mutation {unknown}
 n - a potion of berserk rage {unknown}
 s - a potion of attraction {unknown}


   Skills:
 - Level 2.4 Dodging
 - Level 2.4 Stealth
 - Level 3.0 Spellcasting
 * Level 5.0 Conjurations
 * Level 6.0 Fire Magic


You had 10 spell levels left.
You knew the following spells:

 Your Spells              Type           Power      Damage    Failure   Level
a - Foxfire               Conj/Fire      100%       2x1d9     1%          1

Your spell library contained the following spells:

 Spells                   Type           Power      Damage    Failure   Level
 Shock                    Conj/Air       76%        1d7       2%          1
 Conjure Flame            Conj/Fire      36%        6-21      2%          3
 Inner Flame              Hex/Fire       21%        N/A       7%          3
 Animate Skeleton         Necr           8%         N/A       8%          1
 Pain                     Necr           16%        1d4       8%          1
 Sticky Flame             Conj/Fire      36%        2d6       8%          4
 Vampiric Draining        Necr           2%         2d6       22%         3
 Fireball                 Conj/Fire      18%        3d9       22%         5
 Animate Dead             Necr           2%         N/A       58%         4
 Agony                    Necr           4%         N/A       91%         5


Dungeon Overview and Level Annotations

Branches:
Dungeon (4/15)
 Temple: D:4-7

Altars:
Vehumet

Shops:
D:1 [

Annotations:
D:3 deifeln's ghost, amateur DDFi


Message History

The kobold brigand is moderately wounded.
You now have 10/12 mp.
Casting: Foxfire (safe; 1% risk of failure)
Confirm with . or Enter, or press ? or * to list all spells.
You conjure some foxfire!
The foxfire hits the kobold brigand.
The kobold brigand is moderately wounded.
The foxfire hits the kobold brigand.
The kobold brigand is moderately wounded.
You now have 9/12 mp.
Casting: Foxfire (safe; 1% risk of failure)
Confirm with . or Enter, or press ? or * to list all spells.
You conjure some foxfire!
The foxfire hits the kobold brigand.
The kobold brigand is heavily wounded.
The foxfire hits the kobold brigand.
The kobold brigand is heavily wounded.
You now have 8/12 mp.
Casting: Foxfire (safe; 1% risk of failure)
Confirm with . or Enter, or press ? or * to list all spells.
You conjure some foxfire!
The foxfire hits the kobold brigand.
The kobold brigand is severely wounded.
The foxfire hits the kobold brigand!
The kobold brigand is almost dead.
The kobold zaps a wand.
The bolt of acid hits your foxfire!!
Your foxfire is splashed with acid.
The acid corrodes your foxfire! The bolt of acid misses your foxfire.
The bolt of acid hits you! The acid corrodes you!
You are splashed with acid!
Ouch! That really hurt!
* * * LOW HITPOINT WARNING * * *
You take 27 damage, and have 5/32 hp.
MASSIVE DAMAGE!!
You now have 7/12 mp.
Casting: Foxfire (safe; 1% risk of failure)
Confirm with . or Enter, or press ? or * to list all spells.
You conjure some foxfire!
The foxfire hits the kobold brigand but does no damage.
The kobold brigand is almost dead.
The foxfire hits the kobold brigand.
You kill the kobold brigand!
Vehumet accepts your kill.
The kobold zaps a wand.
The bolt of acid hits you!!
Ouch! That really hurt!
You die...

##.<.##.....
###....##.....
#.......)....#
##.............
#..............
####..............
####.........#.......
###.#..v......##.......
#.....@§...............
#....§§v..............#
#.............#......##
####..).......#........
##....#####..........
#..K.##≈⌠≈##.........
#....#.....###.......
####.'.###.K#...##...
#..'......#........


You could see a kobold.

Vanquished Creatures
  An ogre (D:4)
  A phantom (D:4)
  A kobold brigand (D:4)
  A bullfrog zombie (D:3)
  A hound skeleton (D:4)
  Robin (D:3)
  4 adders
  An adder skeleton (D:4)
  A worm (D:3)
  7 orcs
  3 bats
  6 endoplasms
  4 giant cockroaches
  13 goblins
  8 hobgoblins
  3 jackals (D:1)
  2 kobolds
  2 quokkas
  9 ball pythons
  2 frilled lizards (D:1)
  3 rats
74 creatures vanquished.

Vanquished Creatures (others)
  A kobold (D:4)
  208 foxfires
  3 fungi (D:4)
  2 plants
214 creatures vanquished.

Grand Total: 288 creatures vanquished

Notes
Turn   | Place    | Note
-------+----------+-------------------------------------------
     0 | D:1      | trckry the Deep Elf Fire Elementalist began the quest for
                  | the Orb.
     0 | D:1      | Reached XP level 1. HP: 10/10 MP: 6/6
   118 | D:1      | Found Isophu's Antique Armour Shoppe.
   219 | D:1      | Reached XP level 2. HP: 15/15 MP: 6/8
   751 | D:1      | Reached skill level 4 in Fire Magic
   758 | D:1      | Reached XP level 3. HP: 19/19 MP: 3/9
  1909 | D:3      | Found a radiant altar of Vehumet.
  1965 | D:3      | Became a worshipper of Vehumet
  2101 | D:3      | Reached XP level 4. HP: 24/24 MP: 7/10
  2138 | D:3      | Noticed Robin
  2147 | D:3      | Killed Robin
  2705 | D:4      | Noticed a phantom
  2728 | D:4      | Killed a phantom
  2729 | D:4      | Reached skill level 5 in Fire Magic
  2729 | D:4      | Reached XP level 5. HP: 28/28 MP: 5/11
  2869 | D:4      | Reached * piety under Vehumet
  2869 | D:4      | Offered knowledge of Shock by Vehumet.
  3101 | D:4      | Noticed an ogre
  3106 | D:4      | Killed an ogre
  3107 | D:4      | Reached skill level 5 in Conjurations
  3107 | D:4      | Reached skill level 6 in Fire Magic
  3107 | D:4      | Reached XP level 6. HP: 32/32 MP: 6/12
  3240 | D:4      | Found a runed translucent gate.
  3240 | D:4      | Found a runed translucent gate.
  3241 | D:4      | Found a runed translucent gate.
  3242 | D:4      | Noticed deifeln's ghost (amateur DDFi)
  3676 | D:4      | Killed from afar by a kobold

Illustrated notes

Levels and vault maps discovered:
D:1:      nzn_arrival_depleted_hourglass, layout_basic, serial_shops, shop
D:2:      layout_loops_cross, serial_bayou_pond_a, kennysheep_generic_room_5
D:3:      layout_basic, nicolae_overflow_crystal_walls, grunt_ministairs_1,
          uniq_robin
D:4:      layout_cave_pools, gammafunk_ghost_nasty_kobolds,
          chequers_serial_rivers_room_b

Skill      XL: |  1  2  3  4  5 |
---------------+----------------+-----
Conjurations   | 2 3 4 5 |  5.0
Fire Magic     | 4 5 6 |  6.0
Dodging        | |  2.4
Stealth        | |  2.4
Spellcasting   | |  3.0

Action                   |  1- 3 |  4- 6 || total
-------------------------+-------+-------++-------
Melee: Unarmed           |     2 |       ||     2
 Cast: Foxfire           |    61 |    61 ||   122
Armor: Robe              |     2 |     5 ||     7
Dodge: Dodged            |     9 |     7 ||    16

Table legend: (Time is in decaauts)
 A = Elapsed time spent in this place.
 B = Non-inter-level travel time spent in this place.
 C = Inter-level travel time spent in this place.
 D = Time resting spent in this place.
 E = Time spent auto-exploring this place.
 F = Levels seen in this place.
 G = Mean time per level.
                   A        B        C        D        E       F      G
               +--------+--------+--------+--------+--------+-----+--------+
         Total |   3675 |   3538 |    137 |      0 |   2862 |   4 |  918.8 |
       Dungeon |   3675 |   3538 |    137 |      0 |   2862 |   4 |  918.8 |
               +--------+--------+--------+--------+--------+-----+--------+

Top non-repeatable levels by time:
     D:3: 1360 daAuts
     D:1: 927 daAuts
     D:4: 743 daAuts
     D:2: 644 daAuts
